 Dungeon Crawl Stone Soup version 0.23.2-1-ga50397a (webtiles) character file.

Game seed: 11336576780105604190

2197 Magicfruit the Carver (level 9, -3/66 HPs)
             Began as a Human Fighter on May 19, 2019.
             Was a Believer of Zin.
             Slain by an orc warrior
             ... wielding a +0 glaive
              (5 damage)
             ... on level 7 of the Dungeon.
             The game lasted 00:31:53 (5653 turns).

Magicfruit the Carver (Human Fighter)               Turns: 5653, Time: 00:31:54

Health: -3/66      AC: 15    Str: 18    XL:     9   Next: 60%
Magic:  9/9        EV:  8    Int: 11    God:    Zin [**....]
Gold:   108        SH:  2    Dex: 15    Spells: 8/8 levels left

rFire    . . .     SeeInvis .   r - +1 great sword
rCold    . . .     Gourm    .   (shield currently unavailable)
rNeg     . . .     Faith    .   y - +2 chain mail
rPois    .         Spirit   .   (no helmet)
rElec    .         Reflect  +   z - +0 cloak
rCorr    .         Harm     .   i - +1 pair of gloves
MR       .....                  (no boots)
Stlth    ..........             A - +2 amulet of reflection
HPRegen  0.21/turn              o - +3 ring of intelligence
MPRegen  0.11/turn              p - ring of flight

@: lethally poisoned (-3 -> -4)
A: no striking features
a: Recite, Vitalisation, Donate Gold, Renounce Religion, Evoke Flight


You were on level 7 of the Dungeon.
You worshipped Zin.
Zin was pleased with you.
You were not hungry.

You visited 2 branches of the dungeon, and saw 8 of its levels.

You collected 220 gold pieces.
You donated 112 gold pieces to Zin.

Inventory:

Hand Weapons
 n - a +0 shortbow
 r - a +1 great sword (weapon)
 t - a +3 flail of holy wrath
 u - a +0 whip of electrocution
Missiles
 e - 85 arrows
Armour
 c - a +0 shield
 i - a +1 pair of gloves (worn)
 m - a +2 scale mail
 y - a +2 chain mail (worn)
 z - a +0 cloak (worn)
Magical Staves
 a - an uncursed staff of wizardry
Jewellery
 h - an uncursed amulet of inaccuracy
 o - a +3 ring of intelligence (left hand)
 p - a ring of flight (right hand)
 v - a +2 ring of intelligence
 A - a +2 amulet of reflection (around neck)
 B - an uncursed ring of attention
Wands
 d - a wand of disintegration (9)
 q - a wand of paralysis (11)
 s - a wand of digging (3)
 x - a wand of acid (12)
Scrolls
 g - 4 scrolls of remove curse
 k - 4 scrolls of identify
 w - 2 scrolls of fog
 C - a scroll of amnesia
Potions
 b - a potion of flight {unknown}
 j - a potion of magic {unknown}
 l - a potion of lignification {unknown}
Comestibles
 f - 10 rations


   Skills:
 + Level 4.6 Fighting
 * Level 9.9 Long Blades
 + Level 5.6 Armour
 + Level 2.4 Dodging
 + Level 0.9 Stealth
 + Level 4.0 Shields


You had 8 spell levels left.
You didn't know any spells.
Your spell library was empty.

Dungeon Overview and Level Annotations

Branches:
Dungeon (7/15)             Temple (1/1) D:6

Altars:
Ashenzari
Cheibriados
Dithmenos
Fedhas
Gozag
Hepliaklqana
Kikubaaqudgha
Makhleb
Nemelex Xobeh
Qazlal
Ru
Sif Muna
Trog
Uskayaw
Vehumet
Wu Jian
Xom
Zin
The Shining One

Annotations:
D:7 2 transporters


Message History

* * * LOW HITPOINT WARNING * * *
You are poisoned.
The adder poisons you!
You feel sick. You block the adder's attack.
You feel sick.
You closely miss the adder. The adder closely misses you.
You slice the adder!!
You kill the adder!
The orc warrior closely misses you.
You feel sick. You block the orc warrior's attack.
The wight closely misses you.
You completely miss the orc warrior.
The orc warrior is lightly wounded.
The wight hits you from afar with a +0 halberd.
* * * LOW HITPOINT WARNING * * *
The orc warrior hits you with a +0 glaive!
* * * LOW HITPOINT WARNING * * *
The orc warrior hits you from afar with a +0 glaive.
You die...

..............
...######.......
................
...####...######
####...#........##..
....#.....<........
##..###............
#.................#
#@##.......^.....#
#..o..............
####..........)...
#..............
#..............
##.............
#.............
#..)..........
+..)..........


You could see an orc warrior.

Vanquished Creatures
  Pikel (D:4)
  Edmund (D:6)
  An eye of draining (D:6)
  An orc warrior (D:7)
  A sky beast (D:4)
  3 ogres (D:6)
  2 centaurs
  2 scorpions (D:4)
  4 wights (D:7)
  2 howler monkeys
  4 hounds
  An orc priest (D:7)
  A jelly (D:4)
  A centaur skeleton (D:5)
  An orc wizard (D:3)
  3 iguanas
  Terence (D:2)
  3 worker ants
  11 adders
  2 shadow imps
  A worm (D:2)
  3 dart slugs
  2 leopard geckos (D:6)
  13 orcs
  8 bats
  4 giant cockroaches
  A goblin (D:2)
  4 hobgoblins (D:1)
  5 jackals
  3 kobolds
  6 quokkas
  A ball python (D:1)
  A ball python zombie (D:4)
  3 frilled lizards
  4 rats
105 creatures vanquished.

Vanquished Creatures (others)
  A giant cockroach (D:4)
1 creature vanquished.

Grand Total: 106 creatures vanquished

Notes
Turn   | Place    | Note
-------+----------+-------------------------------------------
     0 | D:1      | Magicfruit the Human Fighter began the quest for the Orb.
     0 | D:1      | Reached XP level 1. HP: 18/18 MP: 1/1
   151 | D:1      | Reached XP level 2. HP: 12/24 MP: 2/2
   719 | D:2      | Found a shimmering altar of Xom.
   719 | D:2      | Found a shimmering altar of Xom.
   719 | D:2      | Found a shimmering altar of Xom.
   719 | D:2      | Found a shimmering altar of Xom.
   720 | D:2      | Found a shimmering altar of Xom.
   720 | D:2      | Found a shimmering altar of Xom.
   725 | D:2      | Found a shimmering altar of Xom.
   730 | D:2      | Found a shimmering altar of Xom.
   783 | D:2      | Reached XP level 3. HP: 29/29 MP: 3/3
   881 | D:2      | Noticed Terence
   900 | D:2      | Killed Terence
   900 | D:2      | Reached XP level 4. HP: 15/35 MP: 4/4
  1026 | D:2      | Reached skill level 3 in Long Blades
  1625 | D:2      | Reached XP level 5. HP: 36/41 MP: 5/5
  1786 | D:3      | Reached skill level 1 in Dodging
  1988 | D:3      | Found a burning altar of Makhleb.
  1997 | D:3      | Found a glowing silver altar of Zin.
  2006 | D:3      | Found a deep blue altar of Sif Muna.
  2021 | D:3      | Became a worshipper of Zin the Law-Giver
  2022 | D:3      | Donated 27 gold pieces to Zin
  2098 | D:3      | Reached * piety under Zin
  2172 | D:4      | Reached skill level 4 in Long Blades
  2172 | D:4      | Reached XP level 6. HP: 32/47 MP: 6/6
  2562 | D:4      | Donated 28 gold pieces to Zin
  2908 | D:4      | Noticed a slave
  2908 | D:4      | Noticed a slave
  2909 | D:4      | Noticed Pikel
  2909 | D:4      | Noticed a slave
  2909 | D:4      | Noticed a slave
  2924 | D:4      | Killed Pikel
  2924 | D:4      | Reached skill level 6 in Long Blades
  2924 | D:4      | Reached XP level 7. HP: 21/53 MP: 7/7
  2924 | D:4      | Reached XP level 8. HP: 24/60 MP: 8/8
  3199 | D:5      | Entered Level 5 of the Dungeon
  3301 | D:4      | Donated 23 gold pieces to Zin
  3302 | D:4      | Donated 12 gold pieces to Zin
  3311 | D:5      | Reached skill level 7 in Long Blades
  3766 | D:5      | Reached skill level 5 in Armour
  3863 | D:5      | Found a sparkling altar of Nemelex Xobeh.
  3917 | D:6      | Found a staircase to the Ecumenical Temple.
  4098 | D:6      | Reached skill level 8 in Long Blades
  4186 | D:6      | Found a snail-covered altar of Cheibriados.
  4380 | Temple   | Entered the Ecumenical Temple
  4513 | D:6      | Reached XP level 9. HP: 66/66 MP: 9/9
  4747 | D:6      | Noticed Edmund
  4758 | D:6      | Killed Edmund
  4899 | D:6      | Found a bloodstained altar of Trog.
  4903 | D:6      | Reached skill level 9 in Long Blades
  5145 | D:7      | Reached ** piety under Zin
  5406 | D:7      | Found a transporter.
  5418 | D:7      | Found a transporter.
  5652 | D:7      | HP: 2/66 [orc warrior/+0 glaive (12)]
  5653 | D:7      | Slain by an orc warrior

Skill      XL: |  1  2  3  4  5  6  7  8  9 |
---------------+----------------------------+-----
Long Blades    | 3 4 6 8 9 |  9.9
Dodging        | 1 2 |  2.4
Armour         | 4 5 |  5.6
Fighting       | 4 |  4.6
Shields        | 4 |  4.0
Stealth        | |  0.9

Action                   |  1- 3 |  4- 6 |  7- 9 || total
-------------------------+-------+-------+-------++-------
Melee: Long sword        |    84 |    85 |       ||   169
       Great sword       |       |    72 |   189 ||   261
Invok: Donate Gold       |       |     2 |     2 ||     4
  Use: Scroll            |     4 |     8 |     3 ||    15
       Potion            |     4 |     1 |     3 ||     8
  Eat: Ration            |       |     2 |     3 ||     5
Armor: Scale mail        |    57 |   124 |       ||   181
       Chain mail        |       |    10 |   152 ||   162
Dodge: Dodged            |    28 |    77 |   109 ||   214
Block: Shield            |    44 |    50 |       ||    94
       Other             |       |       |    26 ||    26
       Rpst.: Long sword |     6 |    10 |       ||    16
       Great sword       |       |    17 |    30 ||    47
